cohdb
Replays
Latest Replays
All Replays
Popular Replays
Top Player Replays
Match Explorer
How It Works
Community
CoH3 Stats
Reddit
Sign in to upload your games and track your stats! →
Sign in with Steam
Match 39020570
Unlisted
Match 39020570
Overview
Messages
Build Orders
End
Panzergrenadier Squad
Panzergrenadier Squad
Selects Armored Support Battlegroup
Panzergrenadier Squad
Construct Light Support Kompanie
MG34 Team
2.5-tonne Medical Truck
Fire Support Elements
Veteran Squad Leaders
Pak 38 Mechanized Group
le.IG 18 Support Gun Team
Selects Salvage Kits
Selects Panzer Storm
Construct Panzerarmee Kommand
Selects Stuka Anti-tank Loiter
Panzer III L Medium Tank
Armored Reserves
Tiger Heavy Tank
Stuka Anti-tank Loiter
Emergency Repair Kits
Vehicle Survival Package
Selects Veteran Gunners
Selects Flammpanzer III Medium Tank
Selects Command Panzer IV F Medium Tank
Stuka Anti-tank Loiter
UH|dun! ツ
UH|ck
UH|XTC
iceman
Eredu
[KZR]Rjut
StAu
Loudrikson
0
0
Comments
sign in to comment!
No comments posted yet!